 Dungeon Crawl Stone Soup version 0.28.0-43-g3370ac3207 (webtiles) character file.

Game seed: 1967624553426410448

874 crimpus the Quickloader (level 7, -19/61 HPs)
             Began as a Minotaur Hunter on Mar 28, 2022.
             Was an Initiate of Okawaru.
             Killed from afar by a steam dragon (26 damage)
             ... with a ball of steam
             ... on level 5 of the Dungeon.
             The game lasted 00:05:50 (3558 turns).

crimpus the Quickloader (Minotaur Hunter)           Turns: 3558, Time: 00:05:51

Health: -19/61     AC:  6    Str: 16 (17) XL:     7   Next: 74%
Magic:  6/6        EV: 12    Int:  8      God:    Okawaru [......]
Gold:   356        SH:  0    Dex: 12      Spells: 6/6 levels left

rFire   . . .      SeeInvis .   a - +2 hand crossbow
rCold   . . .      Faith    .   (no shield)
rNeg    . . .      Spirit   .   c - +0 leather armour
rPois   .          Reflect  .   (helmet restricted)
rElec   .          Harm     .   (no cloak)
rCorr   .          Rampage  .   i - +1 pair of gloves
Will    .....                   (no boots)
Stlth   +.........              (no amulet)
HPRegen 0.20/turn               (no ring)
MPRegen 0.10/turn               (no ring)

@: no status effects
A: horns 2, retaliatory headbutt, talons 1, deterioration 1, shaggy fur 1
a: Renounce Religion


You were on level 5 of the Dungeon.
You worshipped Okawaru.
Okawaru was noncommittal.
You visited 2 branches of the dungeon, and saw 6 of its levels.

You collected 356 gold pieces.

Inventory:

Hand Weapons
 a - a +2 hand crossbow (weapon)
 b - a +0 short sword
 u - a +1 mace of holy wrath
Missiles
 d - 38 bolts (quivered ammo)
Armour
 c - a +0 leather armour (worn)
 i - a +1 pair of gloves (worn)
Wands
 n - a wand of iceblast (10)
Scrolls
 e - a scroll of enchant weapon
 g - a scroll of teleportation
 l - a scroll of vulnerability
Potions
 f - 2 potions of flight
 m - 2 potions of might
 o - 2 potions of magic
 q - a potion of lignification {unknown}
 t - a potion of heal wounds {unknown}


   Skills:
 + Level 5.4 Fighting
 + Level 8.8 Crossbows
 + Level 2.9 Armour
 + Level 2.8 Dodging
 + Level 1.4 Stealth


You had 6 spell levels left.
You didn't know any spells.
Your spell library contained the following spells:

 Spells                   Type           Power      Damage    Failure   Level
 Magic Dart               Conj           0%         1d3       45%         1
 Mephitic Cloud           Conj/Pois/Air  0%         N/A       83%         3
 Passage of Golubria      Tloc           0%         N/A       99%         4
 Yara's Violent Unravell  Hex/Tmut       0%         3d3       100%        5
 Call Imp                 Summ           Unusable   N/A       N/A         2
 Tukima's Dance           Hex            Unusable   N/A       N/A         3

Dungeon Overview and Level Annotations

Branches:
Dungeon (5/15)             Temple (1/1) D:4

Altars:
Ashenzari
Cheibriados
Fedhas
Gozag
Kikubaaqudgha
Makhleb
Nemelex Xobeh
Okawaru
Qazlal
Sif Muna
Trog
Uskayaw
Vehumet
Wu Jian
Xom
Yredelemnul
Zin
The Shining One

Shops:
D:4 [   D:5 (

Annotations:
D:3 3 runed translucent doors, WaxSun's ghost, amateur GnWn


Innate Abilities, Weirdness & Mutations

You have a pair of horns on your head.
You reflexively headbutt those who attack you in melee.
You have sharp toenails.
Your body sometimes deteriorates upon taking damage.
You are covered in fur. (AC +1)


Message History

A steam dragon comes into view.
The steam dragon hisses angrily.
A steam dragon is nearby!
You shoot a bolt.
The bolt barely misses the steam dragon.
You shoot a bolt.
The bolt hits the steam dragon but does no damage.
The steam dragon breathes steam at you. The ball of steam hits you!
Your body deteriorates!
You feel weakened.
No target in view!
No target in view!
No target in view!
No target in view!
You are engulfed in a cloud of scalding steam.
You shoot a bolt. The bolt hits the steam dragon!
The steam dragon is moderately wounded.
You shoot a bolt. The bolt hits the steam dragon!
The steam dragon is severely wounded.
The steam dragon breathes steam at you. The ball of steam hits you!
You are too injured to fight recklessly!
The steam dragon breathes steam at you. The ball of steam hits you!
* * * LOW HITPOINT WARNING * * *
You are too injured to fight recklessly!
You are engulfed in a cloud of scalding steam.
* * * LOW HITPOINT WARNING * * *
It was a potion of magic.
Magic courses through your body.
You are engulfed in a cloud of scalding steam.
* * * LOW HITPOINT WARNING * * *
You are too injured to fight recklessly!
Fire: 39 bolts
Press: ? - help, Q - select action, (/) - cycle Shift-Dir - straight line, f/p - steam dragon
Aim: a steam dragon (severely wounded, 69% to hit)
You shoot a bolt. The bolt hits the steam dragon.
The steam dragon is severely wounded.
The steam dragon breathes steam at you. The ball of steam hits you!!
You die...

.. .... (.D..
##########.#
....(####§§§D§§@...#
.....D§§D.##########
#.#...§.§.#
+#.......#
.[........#
.....####.# #
#.......# .....
##.####... #.......#
#.## #.........
.###.......#
#.######.....#.##
#.##.......#


There were no monsters in sight!

Vanquished Creatures
  Eustachio (D:4)
  Menkaure (D:5)
  An orc warrior (D:4)
  2 ogres
  A phantom (D:5)
  A gnoll shaman (D:5)
  An iguana (D:4)
  Natasha (twice) (D:2)
  A hound skeleton (D:4)
  4 gnolls (D:5)
  4 adders
  An adder skeleton (D:4)
  3 dart slugs
  A worm (D:2)
  8 orcs
  7 bats
  6 endoplasms
  7 giant cockroaches
  5 goblins
  9 hobgoblins
  2 jackals (D:2)
  3 quokkas
  8 ball pythons
  3 frilled lizards
  4 kobolds (D:1)
  8 rats
94 creatures vanquished.

Vanquished Creatures (others)
  7 plants (D:1)
7 creatures vanquished.

Grand Total: 101 creatures vanquished

Notes
Turn   | Place    | Note
-------+----------+-------------------------------------------
     0 | D:1      | crimpus the Minotaur Hunter began the quest for the Orb.
     0 | D:1      | Reached XP level 1. HP: 18/18 MP: 0/0
   171 | D:1      | Reached XP level 2. HP: 25/25 MP: 1/1
   222 | D:1      | Reached skill level 5 in Crossbows
   333 | D:1      | Reached XP level 3. HP: 30/30 MP: 2/2
   707 | D:2      | Noticed Natasha
   713 | D:2      | Killed Natasha
   725 | D:2      | Reached XP level 4. HP: 30/38 MP: 3/3
  1026 | D:2      | Found a faded altar of an unknown god.
  1155 | D:2      | Noticed Natasha
  1162 | D:2      | Killed Natasha
  1563 | D:3      | Noticed WaxSun's ghost (amateur GnWn)
  1564 | D:3      | Noticed a phantom
  1586 | D:3      | Found a runed translucent gate.
  1586 | D:3      | Found a runed translucent gate.
  1586 | D:3      | Found a runed translucent gate.
  1613 | D:3      | You fall into a shaft and drop 1 floor!
  1623 | D:4      | Reached XP level 5. HP: 46/46 MP: 4/4
  1635 | D:4      | Noticed an ogre
  1642 | D:4      | Killed an ogre
  1643 | D:4      | Reached skill level 6 in Crossbows
  1775 | D:4      | Found Nape's Armour Shop.
  1831 | D:4      | Noticed Eustachio
  1854 | D:4      | Killed Eustachio
  1855 | D:4      | Reached skill level 7 in Crossbows
  1855 | D:4      | Reached skill level 1 in Stealth
  1855 | D:4      | Reached XP level 6. HP: 34/53 MP: 5/5
  2469 | D:4      | Found an ancient bone altar of Kikubaaqudgha.
  2469 | D:4      | Found a shimmering altar of Xom.
  2793 | D:4      | Found a staircase to the Ecumenical Temple.
  2793 | D:4      | Noticed an orc warrior
  2808 | D:4      | Killed an orc warrior
  2809 | D:4      | Reached XP level 7. HP: 51/60 MP: 6/6
  2831 | Temple   | Entered the Ecumenical Temple
  2955 | Temple   | Became a worshipper of Warmaster Okawaru
  3060 | D:4      | Gained mutation: You expend magic power (3 MP) to
                  | strengthen your wands. [potion of mutation]
  3060 | D:4      | Gained mutation: Your body sometimes deteriorates upon
                  | taking damage. [potion of mutation]
  3060 | D:4      | Gained mutation: You are robust. (+10% HP) [potion of
                  | mutation]
  3061 | D:4      | Lost mutation: Your body sometimes deteriorates upon taking
                  | damage. [potion of mutation]
  3061 | D:4      | Lost mutation: You are robust. (+10% HP) [potion of
                  | mutation]
  3061 | D:4      | Lost mutation: You expend magic power (3 MP) to strengthen
                  | your wands. [potion of mutation]
  3061 | D:4      | Gained mutation: You are covered in fur. (AC +1) [potion of
                  | mutation]
  3061 | D:4      | Gained mutation: Your body sometimes deteriorates upon
                  | taking damage. [potion of mutation]
  3061 | D:4      | Gained mutation: You have sharp toenails. [potion of
                  | mutation]
  3070 | D:5      | Entered Level 5 of the Dungeon
  3102 | D:5      | Noticed Menkaure
  3109 | D:5      | Killed Menkaure
  3110 | D:5      | Reached skill level 5 in Fighting
  3110 | D:5      | Reached skill level 8 in Crossbows
  3452 | D:5      | Found Araic's Antique Weapon Emporium.
  3544 | D:5      | Noticed a steam dragon
  3558 | D:5      | Killed from afar by a steam dragon

Illustrated notes

Levels and vault maps discovered:
D:1:      lightli_arrival_flooded_house, layout_rooms, minmay_misc_feat_doors
D:2:      kennysheep_big_flooded_room, layout_basic,
          chequers_ecumenical_altar_simple_redux, grunt_decor_clamped,
          amcnicky_mini_pool_small, uniq_natasha
D:3:      layout_rooms, gammafunk_ghost_split
D:4:      layout_gridville, jmf_multi_god_temple, minmay_temple_entry_fiery,
          serial_shops, nicolae_shop_waterfront, kennysheep_cross_bottleneck,
          st_stairs_12, minmay_misc_feat_alley, grunt_ministairs_2,
          uniq_eustachio
D:5:      layout_basic, mainiacjoe_overflow_alcove_2,
          mainiacjoe_overflow_boulevard, serial_shops, nicolae_take_the_stairs,
          uniq_menkaure
Temple:   lightli_temple_of_artemis

Skill      XL: |  1  2  3  4  5  6  7 |
---------------+----------------------+-----
Crossbows      | 5 7 8 |  8.8
Fighting       | 3 4 5 |  5.4
Armour         | 2 |  2.9
Stealth        | 1 |  1.4
Dodging        | |  2.8

Action                   |  1- 3 |  4- 6 |  7- 9 || total
-------------------------+-------+-------+-------++-------
Melee: Short sword       |       |    11 |       ||    11
       Headbutt          |       |     2 |       ||     2
 Fire: Hand crossbow     |    75 |   100 |    55 ||   230
  Use: Scroll            |       |     3 |     9 ||    12
       Potion            |       |       |     3 ||     3
Armor: Leather armour    |     6 |     6 |     2 ||    14
Dodge: Dodged            |    10 |    18 |     6 ||    34
